 Dungeon Crawl Stone Soup version 0.31-a0-1620-gcbf77bbcfc (webtiles) character file.

Game seed: 17894334611209551140

75 theswoord the Twirler (level 4, -2/33 HPs)
             Began as a Demonspawn Gladiator on Jan 11, 2024.
             Slain by a ribbon worm (4 damage)
             ... on level 2 of the Dungeon.
             The game lasted 00:01:55 (1431 turns).

theswoord the Twirler (Demonspawn Gladiator)        Turns: 1431, Time: 00:01:56

Health: -2/33      AC:  3    Str: 16    XL:     4   Next: 11%
Magic:  4/4        EV: 17    Int:  8    God:
Gold:   91         SH:  5    Dex: 15    Spells: 3/3 levels left

rFire   . . .        a - +0 quarterstaff
rCold   . . .        (shield currently unavailable)
rNeg    . . .        b - +0 leather armour
rPois   .            (helmet restricted)
rElec   .            (no cloak)
rCorr   .            (no gloves)
SInv    .            (no boots)
Will    .....        g - amulet of reflection
Stlth   +            (no ring)
HPRegen 0.25/turn    (no ring)
MPRegen 0.18/turn

%: reflection
@: agile
A: antennae 1, powered by pain 1, magic regeneration
a: no special abilities


You were on level 2 of the Dungeon.
You visited 1 branch of the dungeon, and saw 2 of its levels.

You collected 91 gold pieces.

Inventory:

Hand Weapons
 a - a +0 quarterstaff (weapon)
Missiles
 d - 3 throwing nets (quivered)
 e - a javelin
Armour
 b - a +0 leather armour (worn)
 c - a +1 helmet
Jewellery
 g - an amulet of reflection (around neck)
Scrolls
 h - a scroll of enchant armour
 i - a scroll of teleportation {unknown}
 j - a scroll of identify


   Skills:
 - Level 2.0 Fighting
 + Level 4.5 Staves
 - Level 1.7 Throwing
 - Level 2.6 Dodging


You had 3 spell levels left.
You didn't know any spells.
Your spell library was empty.

Dungeon Overview and Level Annotations

Branches:
Dungeon (2/15)

Altars:

Shops:
D:1 [


Innate Abilities, Weirdness & Mutations

You have a pair of small antennae on your head.
You sometimes gain a little power by taking damage.
You regenerate magic rapidly.


Message History

You barely miss the ribbon worm.
Natasha howls an incantation.
You feel disoriented. You block Natasha's attack.
The ribbon worm barely misses you.
The cerulean imp hits you but does no damage.
You sock the ribbon worm! Natasha casts a spell at you.
The magic dart hits you!
* * * LOW HITPOINT WARNING * * *
You focus on the pain.
You feel agile all of a sudden.
The ribbon worm expels a string of sticky webbing.
The stream of webbing hits you but does no damage.
You are caught in a web!
The cerulean imp completely misses you.
It was a potion of magic.
Magic courses through your body. Natasha closely misses you.
The cerulean imp hits you from afar with a +2 spear.
* * * LOW HITPOINT WARNING * * *
The ribbon worm bites you.
* * * LOW HITPOINT WARNING * * *
The web tears apart.
Natasha stares at you and mumbles some strange words.
The magic dart hits you.
* * * LOW HITPOINT WARNING * * *
The cerulean imp closely misses you. The ribbon worm bites you.
* * * LOW HITPOINT WARNING * * *
You hit Natasha. Natasha closely misses you.
You block the cerulean imp's attack.
Natasha hisses.
Natasha misses you.
You sock Natasha! The ribbon worm misses you.
The cerulean imp hits you from afar with a +2 spear.
* * * LOW HITPOINT WARNING * * *
You block Natasha's attack.
You hit Natasha.
You kill Natasha!
Suddenly Natasha's spirit rises from her lifeless body.
The cerulean imp disappears in a puff of smoke!
The ribbon worm bites you.
You die...

..........##
#.........#####
#.............#####
#........####...... ###
##..................
....#.........########..
..............# ###
.....§........#
...(..w@...$..#
......†.....###
............# ########
............# #......#
............# #......###
...........## #.........
....#!.....# #......###
###.#..###.# ####.### #
... .. ####.####


You could see a ribbon worm.

Vanquished Creatures
  Natasha (twice) (D:2)
  An adder (D:2)
  3 dart slugs
  4 ball pythons
  2 bats
  An endoplasm (D:2)
  A giant cockroach (D:1)
  4 goblins
  5 hobgoblins
  4 kobolds (D:1)
  2 quokkas
  A frilled lizard (D:1)
  2 rats
32 creatures vanquished.

Notes
Turn   | Place    | Note
-------+----------+-------------------------------------------
     0 | D:1      | theswoord the Demonspawn Gladiator began the quest for the
                  | Orb.
     0 | D:1      | Reached XP level 1. HP: 16/16 MP: 1/1
    40 | D:1      | Found Lunuf's Armour Emporium.
    96 | D:1      | Reached skill level 3 in Staves
   373 | D:1      | Gained mutation: You regenerate magic rapidly. [demonic
                  | ancestry]
   373 | D:1      | Reached XP level 2. HP: 17/22 MP: 2/2
  1094 | D:2      | Gained mutation: You have a pair of small antennae on your
                  | head. [demonic ancestry]
  1094 | D:2      | Reached XP level 3. HP: 27/27 MP: 3/3
  1123 | D:2      | Reached skill level 4 in Staves
  1161 | D:2      | Noticed Natasha
  1172 | D:2      | Killed Natasha
  1315 | D:2      | Gained mutation: You sometimes gain a little power by
                  | taking damage. [demonic ancestry]
  1315 | D:2      | Reached XP level 4. HP: 33/33 MP: 4/4
  1420 | D:2      | Noticed Natasha
  1430 | D:2      | HP: 1/33 [cerulean imp/+2 spear[Natasha] (2)]
  1431 | D:2      | Killed Natasha
  1431 | D:2      | Slain by a ribbon worm

Skill      XL: |  1  2  3 |
---------------+----------+-----
Staves         | 3 4 |  4.5
Fighting       | |  2.0
Throwing       | |  1.7
Dodging        | |  2.6

Action                     |  1- 3 |  4- 6 || total
---------------------------+-------+-------++-------
  Melee: Quarterstaff      |    83 |    13 ||    96
    Use: Scroll            |     4 |       ||     4
         Potion            |       |     1 ||     1
 Armour: Leather armour    |    39 |    14 ||    53
  Dodge: Dodged            |    40 |    11 ||    51
  Block: Other             |     9 |     5 ||    14

Levels and vault maps discovered:
D:1:      dpeg_arrival_lava_altar, layout_basic, serial_shops,
          nicolae_shop_pleasant_corner_grove, minmay_pentomino_s2
D:2:      layout_rooms, uniq_natasha
